Map: Alcyone LE

Players

A.I. 1 (Very Easy)

  • Race: Terran Terran
  • Spawn Location: 7:00

saixy - Winner!

  • Race: Terran Terran
  • Spawn Location: 1:00

VOD

Have the link to the VOD?

Description

Time

  • Played on: Dec. 9, 2023, 10:38 p.m.
  • Length: 9:38
Show
View Real Time Build Order
Export as new Build Order

A.I. 1 (Very Easy) Terran 

Build Orders: Reaper Expand 

Get SALT Encoding   

  12  0:00  SCV  
  13  0:13  SCV  
  14  0:18  Supply Depot  
  14  0:41  Barracks  
  14  1:03  Command Center  
  14  1:28  Marine  
  14  1:31  Orbital Command, Supply Depot  
  15  1:37  Refinery  
  15  1:49  Refinery  
  15  1:57  SCV  
  16  2:09  SCV  
  17  2:16  SCV  
  17  2:17  Reaper  
  19  2:23  SCV  
  20  2:30  SCV  
  21  2:38  SCV  
  21  2:39  Refinery  
  22  2:45  SCV  
  23  2:52  SCV  
  24  2:59  SCV  
  24  3:04  Marine  
  26  3:06  SCV  
  27  3:13  SCV  
  28  3:20  Factory  
  28  3:21  SCV  
  29  3:43  Refinery  
  29  3:45  SCV  
  30  3:51  Barracks Tech Lab  
  30  3:52  SCV  
  31  3:57  Supply Depot  
  31  3:59  SCV  
  32  4:06  SCV, Starport  
  32  4:09  Marauder  
  35  4:14  SCV  
  36  4:21  SCV  
  34  4:28  SCV  
  35  4:35  SCV  
  38  4:38  Hellion  
  38  4:39  Supply Depot  
  38  4:42  SCV  
  38  4:44  Starport Tech Lab  
  37  4:49  SCV  
  35  4:57  SCV  
  36  5:03  Raven  
  36  5:04  SCV  
  39  5:11  SCV  
  40  5:18  SCV  
  40  5:25  SCV, Marine  
  42  5:33  SCV  
  43  5:37  Raven  
  43  5:39  Supply Depot  
  43  5:40  SCV  
  46  5:47  SCV  
  47  6:11  Viking  
  39  6:33  SCV  
  39  6:36  Hellion  
  31  6:41  Raven  
  27  6:47  SCV  
  28  6:59  SCV  
  29  7:04  Hellion  
  30  7:11  SCV  
  30  7:15  Command Center  
  31  7:16  Raven  
  32  7:23  SCV  
  33  7:33  Hellion  
  33  7:35  Command Center  
  33  7:36  SCV  
  36  7:45  Refinery  
  36  7:48  SCV  
  37  7:53  Supply Depot  
  37  7:54  Raven  
  37  8:00  SCV  
  36  8:12  SCV  
  37  8:20  Marine  
  37  8:24  SCV  
  39  8:28  Raven  
  41  8:36  SCV  
  43  8:48  SCV, Refinery  
  43  8:50  SCV  
  43  9:00  SCV  
  35  9:02  Raven  
  35  9:05  SCV  
  19  9:12  SCV  
Show
View Real Time Build Order
Export as new Build Order

saixy Terran - Winner!

Build Orders: Cyclone Opening 

Get SALT Encoding   

  12  0:00  SCV  
  13  0:12  SCV  
  14  0:17  Supply Depot  
  14  0:24  SCV  
  15  0:39  Barracks, SCV  
  16  0:44  Refinery  
  16  0:51  SCV  
  16  0:54  Refinery  
  17  1:03  SCV  
  18  1:15  SCV  
  19  1:26  Reaper  
  19  1:27  Orbital Command  
  19  1:28  Supply Depot  
  20  1:44  Factory  
  20  1:53  SCV  
  21  1:58  Reaper  
  22  2:05  SCV  
  23  2:17  SCV  
  23  2:22  Command Center  
  24  2:31  Cyclone  
  26  2:37  Starport  
  26  2:40  SCV  
  27  2:47  Supply Depot  
  27  2:52  SCV  
  27  2:53  Barracks Reactor  
  28  3:04  Cyclone, SCV  
  31  3:13  Medivac  
  31  3:16  SCV  
  34  3:20  Refinery  
  34  3:28  SCV  
  35  3:37  Orbital Command  
  35  3:40  SCV  
  36  3:44  Barracks Tech Lab  
  36  3:45  Starport Tech Lab  
  36  3:49  Cyclone x2  
  36  3:53  SCV  
  41  4:03  SCV  
  41  4:05  SCV  
  41  4:07  Raven  
  41  4:08  Supply Depot  
  45  4:15  SCV  
  46  4:21  Cyclone  
  48  4:24  Cyclone  
  48  4:25  SCV  
  48  4:28  SCV  
  52  4:37  SCV  
  53  4:39  Command Center  
  53  4:41  Raven  
  55  4:52  Stimpack  
  55  4:53  Cyclone  
  55  4:56  SCV x2  
  59  5:00  Supply Depot, Refinery  
  59  5:01  Cyclone  
  59  5:05  Interference Matrix  
  61  5:08  SCV  
  61  5:11  Supply Depot  
  62  5:22  Raven, SCV x2  
  66  5:34  SCV  
  67  5:36  Barracks  
  67  5:38  Barracks  
  67  5:39  SCV, Marine  
  69  5:46  SCV  
  69  5:47  Factory Reactor  
  70  5:52  Orbital Command, SCV, Engineering Bay  
  70  5:53  Engineering Bay  
  71  5:58  SCV  
  71  6:00  Marine  
  71  6:04  Supply Depot, SCV  
  74  6:11  Starport Reactor, SCV  
  75  6:16  SCV  
  75  6:18  Marine  
  76  6:20  SCV  
  76  6:23  Terran Infantry Weapons Level 1, Terran Infantry Armor Level 1  
  78  6:28  Marine x2  
  80  6:32  Barracks  
  80  6:34  Barracks, SCV  
  80  6:36  Marine  
  80  6:39  Siege Tank  
  85  6:40  Combat Shield  
  85  6:41  SCV  
  85  6:44  Orbital Command, Supply Depot  
  85  6:45  Armory  
  85  6:46  Supply Depot  
  86  6:48  SCV  
  86  6:51  Marine x2  
  86  6:52  Marine x2  
  86  6:54  Marine, SCV  
  93  6:56  Medivac x2  
  97  7:02  SCV  
  97  7:04  Supply Depot  
  97  7:06  SCV  
  99  7:09  Marine x2  
  99  7:10  SCV  
  99  7:14  SCV, Marine  
  107  7:15  Siege Tank  
  107  7:18  Supply Depot, SCV  
  107  7:19  Supply Depot  
  107  7:22  SCV, Supply Depot  
  109  7:27  Barracks Reactor, SCV  
  109  7:28  Barracks Reactor  
  109  7:29  Marine  
  111  7:30  SCV  
  111  7:33  Medivac x2  
  111  7:34  SCV, Marine x2  
  111  7:35  Marine  
  120  7:39  SCV  
  120  7:42  SCV  
  120  7:44  Refinery  
  122  7:47  Supply Depot x2, SCV, Refinery  
  122  7:49  Marine x2  
  122  7:51  SCV  
  126  7:55  Marine x2  
  128  8:01  Supply Depot  
  128  8:04  Supply Depot, Marine x4  
  132  8:06  Siege Tank  
  132  8:09  Factory  
  135  8:13  Marine  
  135  8:14  Marine  
  135  8:15  Marine x2  
  135  8:19  Command Center  
  139  8:25  Sensor Tower, Marine x3  
  142  8:27  Medivac  
  142  8:31  Marine, Medivac  
  147  8:37  Marine x3  
  147  8:38  Marine  
  151  8:45  Missile Turret  
  151  8:48  Missile Turret, Marine  
  152  8:49  Supply Depot  
  152  8:51  Siege Tank, Missile Turret  
  152  8:53  Supply Depot  
  155  9:00  Marine x4  
  155  9:01  Marine x2  
  155  9:02  Medivac  
  163  9:03  Factory Tech Lab  
  163  9:06  Marine  
  163  9:07  Medivac, Marine  
  167  9:18  Marine  
  176  9:29  Barracks  
  176  9:30  Barracks  
  182  9:31  Barracks  
Tags
 
Add a new tag
Caveats
  • Supply blocks, unpowered buildings, or Contaminate may cause inaccurate times.
  • Supply counts are checked every 10 seconds.